 Dungeon Crawl Stone Soup version 0.13.1-28-g3517093 (console) character file.

2376 Revolution the Ducker (level 9, -2/89 HPs)
             Began as a Troll Berserker on Mar 4, 2014.
             Was a Priest of Trog.
             Slain by a troll (5 damage)
             ... on Level 9 of the Dungeon.
             The game lasted 00:11:13 (1732 turns).

Revolution the Ducker (Troll Berserker)             Turns: 1732, Time: 00:11:14

HP  -2/89        AC  5     Str 32      XL: 9   Next:  7%
MP   3/3         EV 11     Int  6      God: Trog [***...]
Gold 283         SH  0     Dex  8 (9)  Spells:  0 memorised,  8 levels left

Res.Fire  : . . .   See Invis. : .     - Unarmed
Res.Cold  : . . .   Warding    : .   b - +0 animal skin (curse)
Life Prot.: . . .   Conserve   : .   (shield restricted)
Res.Poison: .       Res.Corr.  : .   (helmet restricted)
Res.Elec. : .       Clarity    : .   (no cloak)
Sust.Abil.: . .     Spirit.Shd : .   (gloves unavailable)
Res.Mut.  : .       Stasis     : .   (boots unavailable)
Res.Rott. : .       Flight     : .   (no amulet)
Gourmand  : +                        (no ring)
                                     (no ring)

@: regenerating, mighty, very resistant to hostile enchantments, very unstealthy
A: unfitting armour, claws 3, fast metabolism 3, gourmand, regeneration 2,
saprovore 2, tough skin 2, AC +1
a: Burn Spellbooks, Berserk, Trog's Hand, Renounce Religion


You were on level 9 of the Dungeon.
You worshipped Trog.
Trog was most pleased with you.
You were near starving.

You visited 1 branch of the dungeon, and saw 9 of its levels.
You also visited: Ossuary.

You collected 263 gold pieces.

Inventory:

Hand weapons
 E - the +7,+9 dagger "Inosul" (quivered) {vamp, *Tele Str+2 Int+2, unknown}
   (You found it on level 8 of the Dungeon)

   It inflicts no extra harm, but heals its wielder somewhat when it strikes a
   living foe.
   It affects your strength (+2).
   It affects your intelligence (+2).
   It causes teleportation.
Armour
 b - a cursed +0 animal skin (worn)
 e - a +0 fire dragon hide
 m - a cursed +0 robe
 y - a +0 steam dragon hide
 A - a +0 robe
Magical devices
 w - a wand of flame (6)
 z - a wand of slowing (15)
 F - a wand of random effects (4) {unknown}
Comestibles
 a - 2 meat rations
 f - 9 sultanas
 B - a bread ration
 D - a slice of pizza
Scrolls
 c - 2 scrolls of blinking {unknown}
 d - a scroll of curse weapon {unknown}
 g - a scroll of teleportation {unknown}
 i - 2 scrolls of remove curse {unknown}
 j - a scroll of amnesia {unknown}
 k - a scroll of random uselessness {unknown}
 l - 3 scrolls of immolation {unknown}
 n - a scroll of acquirement {unknown}
 o - a scroll of fog {unknown}
 p - a scroll of noise {unknown}
 C - a scroll of curse jewellery {unknown}
Potions
 h - a potion of curing
 q - 3 potions of restore abilities {unknown}
 s - 2 potions of brilliance {unknown}
 t - a potion of berserk rage {unknown}
 u - 2 potions of speed
 x - a potion of heal wounds {unknown}
Magical staves
 v - an uncursed staff of air {unknown}


   Skills:
 * Level 6.8 Fighting
 * Level 6.9 Dodging
 + Level 6.0 Unarmed Combat


You had 8 spell levels left.
You didn't know any spells.

Dungeon Overview and Level Annotations

Branches:
Dungeon (9/27)
 Temple: D:4-7          Orc: D:6-11        Lair: D:8-13

Altars:
Ashenzari
Fedhas
the Shining One

Shops:
D:7 (


Innate Abilities, Weirdness & Mutations

You are too large for most types of armour.
You have claws for hands.
Your metabolism is lightning-fast.
You like to eat raw meat.
You heal very quickly.
You can eat rotten meat.
You are covered in fur (AC +1).
You have very tough skin (AC +2).


Message History

The troll claws you.
* * * LOW HITPOINT WARNING * * *
You barely miss the troll.
The troll is lightly wounded.
The troll bites you.
* * * LOW HITPOINT WARNING * * *
The troll claws you.
* * * LOW HITPOINT WARNING * * *
The troll closely misses you.
Press: ? - help, v - describe, . - travel
Here: a troll (lightly wounded)
The floor.
Unknown command.
You claw the troll!
The troll begins to bleed from its wounds!
The troll is moderately wounded.
The troll bites you!
* * * LOW HITPOINT WARNING * * *
The troll closely misses you. The troll claws you.
You die...

#.####.#.##...I...#
##.#....#.##.#######
#..#.##.#.##.#
##.#.####.##.#
#.#......##.#
#.#########.#
#.###.# #.#
#.....#####.#
#####...@TI.#
#########


You could see a troll (bleeding) and an ice beast.

Vanquished Creatures
  The ghost of matti1234 the Spear-Bearer, an experienced MfGl of Okawaru (D:7)
  A steam dragon (D:7)
  An elf zombie (Ossuary)
  The ghost of timbw the Cudgeler, an average OgIE of the Shining One (Ossuary)
  2 orc warriors
  A sky beast (D:7)
  2 phantoms
  Sigmund (D:7)
  2 hounds
  4 crimson imps
  A quasit (D:8)
  4 orc priests
  A jelly (D:5)
  A scorpion (D:5)
  An orc wizard (D:5)
  3 worker ants
  A human zombie (Ossuary)
  A hound zombie (Ossuary)
  4 mummies (Ossuary)
  3 adders
  4 gnolls (D:5)
  A worm (D:2)
  2 adder zombies
  2 giant geckos
  17 orcs
  A bat skeleton (D:5)
  A giant cockroach (D:2)
  7 goblins
  5 hobgoblins
  8 jackals
  2 kobolds
  2 quokkas
  A ball python (D:7)
  4 bats
  2 goblin zombies
  2 hobgoblin zombies (Ossuary)
  A kobold zombie (Ossuary)
  4 orc zombies
  A quokka zombie (D:5)
  5 rats
  A rat zombie (Ossuary)
109 creatures vanquished.

Notes
Turn   | Place    | Note
--------------------------------------------------------------
     0 | D:1      | Revolution, the Troll Berserker, began the quest for the Orb.
     0 | D:1      | Reached XP level 1. HP: 23/23 MP: 0/0
   159 | D:2      | Reached XP level 2. HP: 22/31 MP: 0/0
   231 | D:2      | Acquired Trog's second power
   265 | D:2      | Reached XP level 3. HP: 35/39 MP: 1/1
   323 | D:4      | Noticed a phantom
   347 | D:4      | Killed a phantom
   347 | D:4      | Reached XP level 4. HP: 46/46 MP: 1/1
   367 | D:5      | Entered Level 5 of the Dungeon
   370 | D:5      | Reached XP level 5. HP: 49/54 MP: 1/1
   436 | D:5      | Reached skill level 4 in Dodging
   443 | D:5      | Reached XP level 6. HP: 63/63 MP: 2/2
   461 | D:5      | Found a shattered altar of Ashenzari.
   604 | D:5      | Found a sand-covered staircase.
   616 | Ossuary  | Entered an ossuary
   618 | Ossuary  | Noticed timbw's ghost (average OgIE)
   656 | Ossuary  | Killed timbw's ghost
   656 | Ossuary  | Reached XP level 7. HP: 71/71 MP: 2/2
   665 | Ossuary  | Reached skill level 5 in Dodging
   884 | D:7      | Found Geduj's Weapon Shoppe.
   916 | D:7      | Found a glowing golden altar of the Shining One.
   942 | D:7      | Reached skill level 5 in Fighting
  1100 | D:7      | Reached skill level 5 in Unarmed Combat
  1180 | D:7      | Noticed Sigmund
  1188 | D:7      | Killed Sigmund
  1188 | D:7      | Reached XP level 8. HP: 80/80 MP: 2/2
  1342 | D:8      | Reached skill level 6 in Dodging
  1385 | D:7      | Noticed matti1234's ghost (experienced MfGl)
  1410 | D:7      | Killed matti1234's ghost
  1460 | D:8      | Reached XP level 9. HP: 78/89 MP: 3/3
  1491 | D:8      | Acquired Trog's third power
  1495 | D:8      | Got a faintly glowing dagger
  1579 | D:9      | Found a blossoming altar of Fedhas.
  1732 | D:9      | HP: 3/89 [troll (10)]
  1732 | D:9      | Slain by a troll

Action                   |  1- 3 |  4- 6 |  7- 9 || total
-------------------------+-------+-------+-------++-------
Melee: Unarmed           |    67 |    84 |   190 ||   341
Invok: Berserk           |       |     4 |     6 ||    10
       Trog's Hand       |       |     3 |     2 ||     5
  Use: Potion            |       |     1 |     1 ||     2
       Scroll            |       |       |     2 ||     2
